 Dungeon Sprint DCSS version 0.25-a0-424-g80bd347ae0 (webtiles) character file.

Game seed: 9323693580801355585, levelgen mode: deterministic

10 Baz the Magician (level 2, -2/15 HPs)
             Began as a Deep Elf Wizard on Jan 20, 2020.
             Slain by a human (9 damage)
             ... in the Dungeon (Sprint III: "The Ten Rune Challenge").
             The game lasted 00:01:52 (298 turns).

Baz the Magician (Deep Elf Wizard)                   Turns: 298, Time: 00:01:53

Health: -2/15      AC:  2    Str:  4    XL:     2   Next: 10%
Magic:  11/11      EV: 13    Int: 22    God:
Gold:   22         SH:  0    Dex: 13    Spells: 8/13 levels left

rFire    + . .     SeeInvis .   (no weapon)
rCold    . . .     Gourm    .   (no shield)
rNeg     . . .     Faith    .   a - +0 robe
rPois    .         Spirit   .   b - +0 hat
rElec    .         Reflect  .   (no cloak)
rCorr    .         Harm     .   (no gloves)
MR       .....     Clarity  +   (no boots) Stlth ++........NoTele +
                                (no amulet)
HPRegen  0.05/turn              (no ring)
MPRegen  0.12/turn              (no ring)

@: very slightly contaminated
A: horns 1, clarity, fire resistance 1
a: no special abilities


You were in the Dungeon.
You were not hungry.

You visited 1 branch You collected 22 gold pieces.

Inventory:

Armour
 a - a +0 robe (worn)
 b - a +0 hat (worn)
Scrolls
 j - a scroll of blinking
 k - 4 scrolls of identify
 m - a scroll of holy word {unknown}
 n - 3 scrolls of remove curse
 p - a scroll of torment {unknown}
Potions
 e - a potion of curing
 g - a potion of haste
 i - a potion of berserk rage
 l - 2 potions of mutation
 o - 3 potions of flight
Comestibles
 d - 3 rations


   Skills:
 - Level 2.4 Dodging
 - Level 2.4 Stealth
 * Level 6.4 Spellcasting
 + Level 2.7 Conjurations
 - Level 1.1 Summonings
 - Level 1.1 Translocations


You had 8 spell levels left.
You knew the following spells:

 Your Spells              Type           Power        Failure   Level  Hunger
a - Magic Dart            Conj           ###.         2%          1    None
b - Blink                 Tloc           N/A          9%          2    None
c - Call Imp              Summ           ##......     9%          2    None

Your spell library contained the following spells:

 Spells                   Type           Power        Failure   Level  Hunger
 Slow                     Hex            #.......     13%         2    None
 Conjure Flame            Conj/Fire      ##......     14%         3    #......
 Mephitic Cloud           Conj/Pois/Air  ##......     19%         3    #......


Dungeon Overview and Level Annotations

Branches:
Dungeon (1/1)

Altars:


Innate Abilities, Weirdness & Mutations

You have a pair of small horns on your head.
You possess an exceptional clarity of mind.
Your flesh is heat resistant. (rF+)


Message History

You blink.
Casting: Blink (safe; 9% risk of failure)
Confirm with . or Enter, or press ? or * to list all spells.
You blink.
The human barely misses you.
Casting: Blink (safe; 9% risk of failure)
Confirm with . or Enter, or press ? or * to list all spells.
You miscast Blink.
You are very lightly contaminated with residual magic.
You feel uncomfortable. The human closely misses you.
Unknown command.
Casting: Blink (safe; 9% risk of failure)
Confirm with . or Enter, or press ? or * to list all spells.
You blink.
Casting: Blink (safe; 9% risk of failure)
Confirm with . or Enter, or press ? or * to list all spells.
You miscast Blink.
Your skin tingles.
The human misses you.
Unknown command.
Magic courses through your body. The human hits you!
Ouch! That really hurt!
You die...

▓▓▓▓▓▓▓▓▓▓▓▓▓
▓<.#..'...♣.♣
▓..#..#...@♣
▓#÷####..p.♣♣
▓.....#....≈♣♣♣
▓.....#..§≈≈♣.♣.♣
▓.....#..≈≈≈≈♣♣..
▓####'#..≈≈≈≈≈≈♣.
▓(....#.≈≈≈≈≈≈...
▓.....#.≈≈≈≈≈.....
▓.....#.≈≈≈.......


You could see a human.

Vanquished Creatures
  An ooze (D)
  A phantom (D)
  3 rats (D)
5 creatures vanquished.

Vanquished Creatures (others)
  2 draconian scorchers (D)
  A yaktaur (D)
  6 hellions (D)
  2 plants (D)
11 creatures vanquished.

Grand Total: 16 creatures vanquished

Notes
Turn   | Place    | Note
-------+----------+-------------------------------------------
     0 | D        | Baz the Deep Elf Wizard began the quest for the Orb.
     0 | D        | Reached XP level 1. HP: 10/10 MP: 7/7
     7 | D        | Reached skill level 5 in Spellcasting
    36 | D        | Killed a yaktaur
    94 | D        | Reached skill level 6 in Spellcasting
   105 | D        | Killed a hellion
   107 | D        | Killed a hellion
   107 | D        | Killed a hellion
   107 | D        | Killed a hellion
   107 | D        | Killed a hellion
   133 | D        | Reached XP level 2. HP: 15/15 MP: 2/11
   152 | D        | Killed a white draconian scorcher
   162 | D        | Killed a white draconian scorcher
   224 | D        | Learned a level 2 spell: Blink
   227 | D        | Learned a level 2 spell: Call Imp
   235 | D        | Killed a hellion
   288 | D        | Gained mutation: You have a pair of small horns on your
                  | head. [potion of mutation]
   288 | D        | Gained mutation: You possess an exceptional clarity of
                  | mind. [potion of mutation]
   288 | D        | Gained mutation: Your flesh is heat resistant. (rF+)
                  | [potion of mutation]
   298 | D        | Slain by a human

Levels and vault maps discovered:
D:        dungeon_sprint_mu [sprint_mu_entry_forest, sprint_mu_temple_rooms,
          sprint_mu_d1_spiders, sprint_mu_d2_genie, sprint_mu_d3_branching,
          sprint_mu_orc_legion, sprint_mu_elf_gauntlet, sprint_mu_hive_nellie,
          sprint_mu_lair_fedhas, sprint_mu_vaults_butterflies,
          sprint_mu_slime_circle, sprint_mu_swamp_cave, sprint_mu_snake_twists,
          sprint_mu_blade_basic, sprint_mu_crypt_fortress,
          sprint_mu_tomb_spiral, sprint_mu_vestibule_basic,
          sprint_mu_gehenna_hellfire, sprint_mu_dis_giant,
          sprint_mu_tartarus_statrot, sprint_mu_cocytus_islands, sprint_mu_zot1]

Skill      XL: |  1 |
---------------+----+-----
Spellcasting   | 6 |  6.4
Conjurations   | 2 |  2.7
Dodging        | |  2.4
Stealth        | |  2.4
Summonings     | |  1.1
Translocations | |  1.1

Action                   || total
-------------------------++-------
 Cast: Magic Dart        ||    29
       Blink             ||     3
       Call Imp          ||     3
  Use: Potion            ||     5
Armor: Robe              ||     1
Dodge: Dodged            ||     9

Table legend:
 A = Non-vault XP
 B = Vault XP
 C = Vault XP percentage of total XP
 D = Non-vault monster count
 E = Vault monster count
 F = Vault count percentage of total count
                 A         B        C        D         E       F
            +---------+---------+-------+---------+---------+-------
      Total |       0 |      15 | 100.0 |       0 |       5 | 100.0
            +---------+---------+-------+---------+---------+-------
          D |       0 |      15 | 100.0 |       0 |       5 | 100.0
            +---------+---------+-------+---------+---------+-------
